 Dungeon Crawl Stone Soup version 0.29.1-12-g30fa7ad0bf (webtiles) character file.

Game seed: 16864392870220968900

2999 MisterFreud the Covert (level 9, -2/59 (74) HPs)
             Began as a Gnoll Delver on Dec 13, 2022.
             Was an Initiate of Hepliaklqana.
             Slain by a wight
             ... wielding a +0 flail
              (5 damage)
             ... on level 8 of the Dungeon.
             The game lasted 00:12:52 (9150 turns).

MisterFreud the Covert (Gnoll Delver)               Turns: 9150, Time: 00:12:53

HP:   -2/59 (74)    AC: 20    Str: 15    XL:     9   Next: 84%
MP:   16/16         EV:  1    Int: 11    God:    Hepliaklqana [......]
Gold: 614           SH:  5    Dex: 13    Spells: 17/17 levels left

rFire   + . .      SeeInvis .   v - +2 short sword (venom)
rCold   + . .      Faith    .   E - +0 buckler
rNeg    . . .      Spirit   .   q - +1 gold dragon scales
rPois   +          Reflect  .   x - +2 hat {Will+}
rElec   .          Harm     .   n - +2 cloak
rCorr   +          Rampage  .   (no gloves)
Will    +....                   (no boots)
Stlth   ..........              (no amulet)
HPRegen 0.19/turn               p - ring of resist corrosion
MPRegen 0.15/turn               (no ring)

@: heavily drained
A: fangs 1, strong nose, distributed training
a: Renounce Religion


You were on level 8 of the Dungeon.
You worshipped Hepliaklqana.
Hepliaklqana was noncommittal.
You visited 2 branches of the dungeon, and saw 9 of its levels.

You collected 614 gold pieces.

Inventory:

Hand Weapons
 a - a +0 short sword of freezing
 v - a +2 short sword of venom (weapon)
Missiles
 e - 6 poisoned darts (quivered)
 I - 15 boomerangs
 L - a throwing net
Armour
 b - a +1 leather armour
 n - a +2 cloak (worn)
 q - +1 gold dragon scales (worn)
 x - a +2 hat of willpower (worn)
 E - a +0 buckler (worn)
Jewellery
 p - a ring of resist corrosion (left hand)
 t - a ring of magical power
 z - a ring of protection from cold
 B - an amulet of guardian spirit
Wands
 g - a wand of digging (10)
 y - a wand of polymorph (25)
 C - a wand of roots (6)
 F - a wand of mindburst (10)
 O - a wand of flame (29)
 P - a wand of paralysis (5)
 Q - a wand of quicksilver (12)
Scrolls
 c - 2 scrolls of fog
 d - 3 scrolls of magic mapping
 m - a scroll of poison
 r - a scroll of teleportation
 H - 2 scrolls of identify
 J - a scroll of blinking
 K - a scroll of enchant armour
 M - 2 scrolls of enchant weapon
 N - a scroll of amnesia
Potions
 f - 4 potions of haste
 h - 2 potions of degeneration {unknown}
 i - 3 potions of flight
 j - 8 potions of curing
 k - 2 potions of lignification {unknown}
 o - 2 potions of brilliance {unknown}
 s - a potion of invisibility {unknown}
 u - a potion of cancellation {unknown}
 w - 2 potions of mutation {unknown}
 D - a potion of resistance {unknown}
 G - a potion of attraction {unknown}
Miscellaneous
 A - a lightning rod (4/4)


   Skills:
 + Level 8.2 Fighting
 + Level 6.7 Short Blades
 + Level 4.8 Long Blades
 + Level 4.8 Axes
 + Level 4.8 Maces & Flails
 + Level 4.8 Polearms
 + Level 4.8 Staves
 + Level 4.8 Ranged Weapons
 + Level 4.8 Throwing
 + Level 4.8 Armour
 + Level 6.7 Dodging
 + Level 10.7 Stealth
 + Level 4.8 Shields
 + Level 4.8 Unarmed Combat
 + Level 4.8 Spellcasting
 + Level 4.0 Conjurations
 + Level 4.0 Hexes
 + Level 4.0 Summonings
 + Level 4.0 Necromancy
 + Level 4.0 Translocations
 + Level 4.0 Transmutations
 + Level 4.0 Fire Magic
 + Level 4.0 Ice Magic
 + Level 4.0 Air Magic
 + Level 4.0 Earth Magic
 + Level 4.0 Poison Magic
 + Level 5.3 Invocations
 + Level 4.8 Evocations


You had 17 spell levels left.
You didn't know any spells.
Your spell library contained the following spells:

 Spells                   Type           Power      Damage    Failure   Level
 Gell's Gravitas          Tloc           11%        N/A       100%        3
 Teleport Other           Tloc           11%        N/A       100%        3
 Iskenderun's Battlesphe  Conj           11%        2d7       100%        5
 Dispersal                Tloc           5%         N/A       100%        6
 Iron Shot                Conj/Erth      5%         9d2       100%        6
 Spellforged Servitor     Conj/Summ      5%         N/A       100%        7


Dungeon Overview and Level Annotations

Branches:
Dungeon (8/15)             Temple (1/1) D:7            Lair (0/5) D:8

Altars:
Ashenzari
Dithmenos
Elyvilon
Fedhas
Gozag
Hepliaklqana
Kikubaaqudgha
Nemelex Xobeh
Qazlal
Ru
Sif Muna
Trog
Wu Jian
Yredelemnul
Zin

Shops:
D:1 [   D:6 **


Innate Abilities, Weirdness & Mutations

You have very sharp teeth.
Your uncanny sense of smell can sniff out nearby items.
Your experience applies equally to all skills.


Message History

Your Conjurations skill increases to level 4!
Your Hexes skill increases to level 4!
Your Summonings skill increases to level 4!
Your Necromancy skill increases to level 4!
Your Translocations skill increases to level 4!
Your Transmutations skill increases to level 4!
Your Fire Magic skill increases to level 4!
Your Ice Magic skill increases to level 4!
Your Air Magic skill increases to level 4!
Your Earth Magic skill increases to level 4!
Your Poison Magic skill increases to level 4!
Unknown command.
You closely miss the wight. The wight hits you but does no damage.
You hit the wight but do no damage. You bite the wight, but do no damage.
The wight hits you with a +0 flail.
You feel drained.
Unknown command.
You barely miss the wight. You bite the wight, but do no damage.
The wight hits you with a +0 flail.
* * * LOW HITPOINT WARNING * * *
Unknown command.
You hit the wight but do no damage. You hit the wight but do no damage.
The wight hits you but does no damage.
Unknown command.
You hit the wight. You bite the wight, but do no damage.
The wight is lightly damaged.
The wight hits you with a +0 flail.
* * * LOW HITPOINT WARNING * * *
You feel drained.
You hit the wight. You bite the wight, but do no damage.
The wight is moderately damaged.
The wight hits you but does no damage.
You hit the wight. You bite the wight, but do no damage.
The wight is heavily damaged.
You block the wight's attack.
You hit the wight but do no damage. Your bite misses the wight.
The wight is heavily damaged.
The wight hits you with a +0 flail!
* * * LOW HITPOINT WARNING * * *
You feel drained.
You die...

#....# +....# #....# #....
#....# ############...# #....#
...........#...# ###+#....#
...........#... #.........
...........+.. #.........
...........#)#### #.........
######..<...z@..# #.........
#....##'###.....# #.........
#.........#.....# +.........
#######...'.....# #.........
#....##...#.....#####......###
#....##...#................#..
#.........#................'..
#.........+...)............#..
#....###'##.............[..#..


You could see a wight.

Vanquished Creatures
  A gargoyle (D:7)
  A hornet (D:7)
  A slime creature (D:7)
  A wyvern (D:6)
  A water moccasin (D:7)
  An orc warrior (D:8)
  2 ice beasts (D:6)
  A centaur (D:8)
  4 ogres
  A gnoll sergeant (D:4)
  2 bullfrogs
  A necrophage (D:6)
  A scorpion (D:7)
  2 wights (D:8)
  6 killer bees (D:8)
  2 jellies
  A hound (D:5)
  A gnoll bouda (D:7)
  6 iguanas
  3 orc wizards (D:7)
  Terence (D:3)
  13 gnolls
  7 adders
  2 river rats (D:3)
  2 white imps (D:7)
  An ufetubus (D:5)
  2 worms (D:2)
  3 dart slugs
  12 orcs
  7 endoplasms
  5 giant cockroaches
  6 goblins
  7 hobgoblins
  4 jackals (D:4)
  3 quokkas
  6 ball pythons
  6 bats
  4 frilled lizards
  8 kobolds
  12 rats
150 creatures vanquished.

Notes
Turn   | Place    | Note
-------+----------+-------------------------------------------
     0 | D:5      | Reached skill level 9 in Stealth
     0 | D:5      | MisterFreud the Gnoll Delver began the quest for the Orb.
     0 | D:5      | Reached XP level 1. HP: 23/23 MP: 1/1
     1 | D:6      | Noticed an ice beast
     1 | D:6      | Found an ornate altar of the Wu Jian Council.
    17 | D:5      | Found a bloodstained altar of Trog.
    19 | D:5      | Noticed a phantom
    99 | D:4      | Found a shadowy altar of Dithmenos.
    99 | D:4      | Found a shimmering blue altar of Sif Muna.
   210 | D:1      | Reached XP level 2. HP: 17/29 MP: 2/2
   583 | D:1      | Found a faded altar of an unknown god.
   799 | D:1      | Found Cuit Dobb's Armour Emporium.
   916 | D:1      | Reached XP level 3. HP: 34/35 MP: 3/3
  1444 | D:2      | Reached skill level 1 in Invocations
  1474 | D:2      | Reached skill level 1 in Long Blades
  1474 | D:2      | Reached skill level 1 in Axes
  1474 | D:2      | Reached skill level 1 in Maces & Flails
  1474 | D:2      | Reached skill level 1 in Polearms
  1474 | D:2      | Reached skill level 1 in Staves
  1474 | D:2      | Reached skill level 1 in Ranged Weapons
  1474 | D:2      | Reached skill level 1 in Throwing
  1474 | D:2      | Reached skill level 1 in Armour
  1474 | D:2      | Reached skill level 1 in Shields
  1474 | D:2      | Reached skill level 1 in Unarmed Combat
  1474 | D:2      | Reached skill level 1 in Spellcasting
  1474 | D:2      | Reached skill level 1 in Evocations
  1683 | D:2      | Reached XP level 4. HP: 41/41 MP: 5/5
  2034 | D:3      | Reached skill level 1 in Conjurations
  2034 | D:3      | Reached skill level 1 in Hexes
  2034 | D:3      | Reached skill level 1 in Summonings
  2034 | D:3      | Reached skill level 1 in Necromancy
  2034 | D:3      | Reached skill level 1 in Translocations
  2034 | D:3      | Reached skill level 1 in Transmutations
  2034 | D:3      | Reached skill level 1 in Fire Magic
  2034 | D:3      | Reached skill level 1 in Ice Magic
  2034 | D:3      | Reached skill level 1 in Air Magic
  2034 | D:3      | Reached skill level 1 in Earth Magic
  2034 | D:3      | Reached skill level 1 in Poison Magic
  2087 | D:3      | Noticed Terence
  2090 | D:3      | Killed Terence
  2175 | D:3      | Reached XP level 5. HP: 45/47 MP: 7/7
  2943 | D:4      | Noticed an ogre
  3206 | D:4      | Found an opulent altar of Gozag.
  3548 | D:4      | HP: 2/47 [gnoll sergeant/+3 vorpal spear (3)]
  3574 | D:5      | Noticed a two-headed ogre
  3849 | D:6      | Found a stormy altar of Qazlal.
  3888 | D:6      | Noticed an ogre
  3906 | D:6      | Found Pachas's Mayhem Merchandise.
  4224 | D:5      | Reached skill level 5 in Short Blades
  4224 | D:5      | Reached skill level 5 in Dodging
  4224 | D:5      | Reached XP level 6. HP: 46/53 MP: 8/8
  4832 | D:4      | Reached XP level 7. HP: 23/60 MP: 10/10
  5727 | D:5      | Noticed a water nymph
  5727 | D:5      | a two-headed ogre changed into a water nymph
  5759 | D:6      | Reached skill level 10 in Stealth
  6087 | D:6      | Reached XP level 8. HP: 63/67 MP: 12/12
  6462 | D:6      | Found Bosiqaih's Gadget Gallery.
  6511 | D:6      | Found a sparkling altar of Nemelex Xobeh.
  6833 | D:7      | Noticed a gargoyle
  6834 | D:7      | Noticed a wyvern
  6912 | D:6      | Killed a wyvern
  7302 | D:7      | Killed a gargoyle
  7303 | D:7      | Reached XP level 9. HP: 73/73 MP: 13/15
  7373 | D:7      | Noticed a hornet
  7382 | D:7      | Killed a hornet
  8223 | D:7      | Found a staircase to the Ecumenical Temple.
  8233 | Temple   | Entered the Ecumenical Temple
  8247 | Temple   | Became a worshipper of Hepliaklqana the Forgotten
  8322 | D:8      | Reached skill level 5 in Invocations
  8439 | D:8      | Found a staircase to the Lair.
  9150 | D:8      | HP: 3/61 [wight/+0 flail (10)]
  9150 | D:8      | Slain by a wight

Illustrated notes

Levels and vault maps discovered:
D:1:      kennysheep_arrival_seaside, layout_basic, serial_shops,
          nicolae_shop_competitors_out_of_business,
          ebering_ecumenical_altar_petrified, minmay_misc_feat_chi,
          serial_bayou_pond_e, chequers_serial_rivers_large_a,
          serial_bayou_pond_e, minmay_pentomino_o2
D:2:      layout_rooms, minmay_misc_feat_nine_boxes, minmay_tiny_reverse_x
D:3:      layout_rooms, lightli_sewer_entry_pipes, minmay_puff, uniq_terence
D:4:      layout_loops_ring, grunt_gozag_breadcrumbs,
          gammafunk_temple_overflow_wave
D:5:      layout_basic, mainiacjoe_overflow_six_doors_small
D:6:      layout_loops_ring, nemelex_dance_club_becter,
          nicolae_wu_jian_wuxing_cycle, nicolae_qazlal_general_emergency,
          minmay_misc_feat_rugged, minmay_misc_feat_tiny, minmay_misc_feat_room,
          chequers_arboretum, minmay_shop_mayhem, nicolae_shop_gadgets
D:7:      layout_rooms, minmay_temple_entry_fiery, chequers_decorated_corner,
          grunt_decor_arrowhead, minmay_chambers_of_fives
D:8:      layout_gridville, lair_entry_dummy, serial_shops, shop_fountains
Temple:   hellmonk_temple_of_storms

Skill      XL: |  1  2  3  4  5  6  7  8  9 |
---------------+----------------------------+-----
Stealth        | 10 | 10.7
Invocations    | 1 2 3 4 5 |  5.3
Long Blades    | 1 2 3 4 |  4.8
Axes           | 1 2 3 4 |  4.8
Maces & Flails | 1 2 3 4 |  4.8
Polearms       | 1 2 3 4 |  4.8
Staves         | 1 2 3 4 |  4.8
Ranged Weapons | 1 2 3 4 |  4.8
Throwing       | 1 2 3 4 |  4.8
Armour         | 1 2 3 4 |  4.8
Shields        | 1 2 3 4 |  4.8
Unarmed Combat | 1 2 3 4 |  4.8
Spellcasting   | 1 2 3 4 |  4.8
Evocations     | 1 2 3 4 |  4.8
Conjurations   | 1 2 3 4 |  4.0
Hexes          | 1 2 3 4 |  4.0
Summonings     | 1 2 3 4 |  4.0
Necromancy     | 1 2 3 4 |  4.0
Translocations | 1 2 3 4 |  4.0
Transmutations | 1 2 3 4 |  4.0
Fire Magic     | 1 2 3 4 |  4.0
Ice Magic      | 1 2 3 4 |  4.0
Air Magic      | 1 2 3 4 |  4.0
Earth Magic    | 1 2 3 4 |  4.0
Poison Magic   | 1 2 3 4 |  4.0
Short Blades   | 5 6 |  6.7
Dodging        | 5 6 |  6.7
Fighting       | 7 8 |  8.2

Action                   |  1- 3 |  4- 6 |  7- 9 || total
-------------------------+-------+-------+-------++-------
Melee: Short sword       |   113 |   243 |   374 ||   730
       Bite              |    16 |    24 |    66 ||   106
       Punch             |     2 |     4 |     1 ||     7
Throw: Dart              |       |     2 |     9 ||    11
Evoke: Wand              |       |       |     4 ||     4
  Use: Scroll            |     3 |    10 |     4 ||    17
       Potion            |       |       |     2 ||     2
 Stab: Sleeping          |    19 |     6 |       ||    25
Armor: Leather armour    |    25 |    11 |       ||    36
       Gold dragon scale |       |   148 |   330 ||   478
Dodge: Dodged            |    61 |    36 |    13 ||   110
Block: Buckler           |       |       |    68 ||    68
